cohdb
Replays
Latest Replays
All Replays
Popular Replays
Top Player Replays
Match Explorer
How It Works
Community
CoH3 Stats
Reddit
Sign in to upload your games and track your stats! →
Sign in with Steam
Match 41374390
Unlisted
Match 41374390
Overview
Messages
Build Orders
End
Vickers Machine Gun Team
Selects Indian Artillery Battlegroup
Construct Section Command Post
Infantry Section
Infantry Section
Construct Platoon Command Post
Selects Valour
Royal Engineer Section
Humber Armored Car
CMP 15cwt Truck
ML 3-inch Mortar Team
6-pounder Anti-tank Gun Team
Selects Artillery Saturation
Vickers Machine Gun Team
Selects Gurkha Rifles Section
Gurkha Rifles Section
6-pounder Anti-tank Gun Team
Gurkha Rifles Section
Gurkha Rifles Section
Selects Volunteer Infantry
Gurkha Rifles Section
Selects Off-map Airburst Barrage
Selects Off-map Airburst Barrage
Selects Perimeter Monitor
6-pounder Anti-tank Gun Team
Perimeter Monitor
Off-map Airburst Barrage
Gurkha Rifles Section
Zymoran
DeSack'O'Potatoes
CHINA津门虎
生地绿豆
Jufflubagus
Toasty McToastFace
Valdai
GrayFox
0
0
Comments
sign in to comment!
No comments posted yet!